 Dungeon Crawl Stone Soup version 0.30-a0-1018-g25214051b3 (webtiles) character file.

Game seed: 5569198713573536214

8024 DeathPants the Cleaver (level 11, -1/89 HPs)
             Began as a Demonspawn Gladiator on Apr 7, 2023.
             Was an Initiate of Gozag.
             Slain by a large slime creature (29 damage)
             ... on level 9 of the Dungeon.
             The game lasted 00:25:22 (8011 turns).

DeathPants the Cleaver (Demonspawn Gladiator)       Turns: 8011, Time: 00:25:22

Health: -1/89      AC: 10    Str: 17    XL:     11   Next: 4%
Magic:  18/18      EV: 12    Int: 12    God:    Gozag
Gold:   1628       SH:  0    Dex: 14    Spells: 12/20 levels left

rFire   + . .      SeeInvis .    a - +1 war axe
rCold   . . .      Faith    .    (no shield)
rNeg    . . .      Spirit   .    B - +2 robe {rF+}
rPois   .          Reflect  .    r - +2 helmet
rElec   .          Rampage  .    d - +2 cloak
rCorr   .                        (no gloves)
Will    .....                    (no boots)
Stlth   +                        n - amulet of regeneration
HPRegen 1.14/turn                (no ring)
MPRegen 0.16/turn                (no ring)

@: mighty, hasted, very quick
A: foul stench 2, powered by pain 1, demonic touch 2
a: Renounce Religion, Potion Petition, Call Merchant, Bribe Branch


You were on level 9 of the Dungeon.
You worshipped Gozag.
Gozag was most pleased with you.
You visited 2 branches of the dungeon, and saw 11 of its levels.

You collected 1690 gold pieces.
You paid 62 gold pieces to Gozag.

Inventory:

Hand Weapons
 a - a +1 war axe (weapon)
 F - a +2 whip of venom
Missiles
 e - a javelin
 o - a throwing net
 z - 26 poisoned darts (quivered)
Armour
 d - a +2 cloak (worn)
 r - a +2 helmet (worn)
 B - a +2 robe of fire resistance (worn)
Jewellery
 m - a ring of magical power
 n - an amulet of regeneration (around neck)
 C - an amulet of reflection
Wands
 g - a wand of flame (23)
 p - a wand of light (7)
 w - a wand of charming (16)
 y - a wand of mindburst (13)
Scrolls
 f - 2 scrolls of butterflies
 h - 2 scrolls of amnesia
 j - 2 scrolls of vulnerability
 k - a scroll of fear
 l - a scroll of immolation
 s - 2 scrolls of teleportation
Potions
 c - a potion of flight
 i - 3 potions of cancellation
 q - 3 potions of curing
 t - a potion of invisibility
 u - 3 potions of mutation
 v - a potion of heal wounds
 x - 4 potions of brilliance
 A - 2 potions of lignification {unknown}
 E - a potion of might {unknown}
 I - a potion of degeneration {unknown}


   Skills:
 + Level 9.6 Fighting
 + Level 10.1 Axes
 - Level 1.7 Throwing
 - Level 2.6 Dodging
 - Level 5.0 Spellcasting
 - Level 6.6 Hexes
 + Level 4.0 Summonings


You had 12 spell levels left.
You knew the following spells:

 Your Spells              Type           Power      Damage    Failure   Level
a - Tukima's Dance        Hex            18%        N/A       4%          3
b - Summon Mana Viper     Hex/Summ       15%        N/A       52%         5

Your spell library contained the following spells:

 Spells                   Type           Power      Damage    Failure   Level
 Ensorcelled Hibernation  Hex/Ice        20%        N/A       8%          2
 Inner Flame              Hex/Fire       10%        N/A       16%         3
 Portal Projectile        Hex/Tloc       20%        N/A       16%         3
 Freeze                   Ice            12%        1d3       21%         1
 Sublimation of Blood     Necr           3%         N/A       30%         2
 Wereblood                Tmut           3%         N/A       30%         2
 Anguish                  Hex/Necr       5%         N/A       45%         4
 Frozen Ramparts          Ice            6%         1d1       52%         3
 Hailstorm                Conj/Ice       3%         3d3       52%         3
 Ignite Poison            Fire/Tmut/Pois 3%         N/A       52%         3
 Spider Form              Tmut/Pois      3%         N/A       52%         3
 Summon Ice Beast         Ice/Summ       7%         N/A       65%         4
 Yara's Violent Unravell  Hex/Tmut       5%         3d4       82%         5
 Sticky Flame             Conj/Fire      3%         2d3       89%         4
 Blade Hands              Tmut           1%         N/A       99%         5
 Enfeeble                 Hex            9%         N/A       100%        7
 Monstrous Menagerie      Summ           6%         N/A       100%        7
 Summon Hydra             Summ           6%         N/A       100%        7
 Ignition                 Fire           1%         3d3       100%        8


Dungeon Overview and Level Annotations

Branches:
Dungeon (10/15)            Temple (1/1) D:4
   Lair: D:8-11         Orc: D:9-12

Altars:
Ashenzari
Cheibriados
Fedhas
Gozag
Sif Muna
Trog
Uskayaw
Wu Jian


Innate Abilities, Weirdness & Mutations

You sometimes emit foul miasma when damaged in melee.
You sometimes gain a little power by taking damage.
Your touch may inflict irresistible damage on your foes.


Message History

The slime creature is lightly wounded.
You hit the slime creature but do no damage.
The slime creature hits you! The slime creature closely misses you.
You feel yourself speed up.
The kobold demonologist casts a spell.
The large slime creature completely misses you.
The slime creature hits you but does no damage.
The slime creature closely misses you.
You slash the large slime creature!
The large slime creature is lightly wounded.
You hit the slime creature. You slash the slime creature!
You hit the shadow imp but do no damage.
The shadow imp disappears in a puff of smoke!
You hit the large slime creature.
You touch the large slime creature!
The large slime creature is moderately wounded.
You hit the slime creature. You barely miss the shadow imp.
You hit the slime creature. The slime creature closely misses you.
The slime creature barely misses you.
The shadow imp hits you but does no damage.
The large slime creature hits you.
You slash the large slime creature!
You touch the large slime creature!
The large slime creature is moderately wounded.
You barely miss the slime creature. You hit the slime creature.
You slash the shadow imp! The slime creature barely misses you.
The slime creature hits you! The large slime creature hits you!!
The shadow imp misses you.
You slash the large slime creature!
You touch the large slime creature!
The large slime creature is heavily wounded.
You barely miss the slime creature. You closely miss the shadow imp.
You hit the slime creature. You slash the large slime creature!
You touch the large slime creature!
The large slime creature is severely wounded.
You closely miss the shadow imp. You hit the slime creature.
You slash the slime creature! The slime creature barely misses you.
The shadow imp closely misses you. The slime creature hits you!
You focus on the pain.
You feel very mighty all of a sudden.
You emit a cloud of foul miasma!
The large slime creature hits you!!
You die...
Your body crumbles into a pile of gold.

#..# ..# ##.## #### #..#
## #####.### ...
###.....>.# ....
..........# .....
###.......###KK....
#.....JJ#KKK..... ##
#.....@JK5#...... ..
#......5### ..... ##
#####.### #+### #.# ..#
..# #.# ######+### #.#
.........# #######.#####
.........# #...........#
.......<.###...........##


You could see a large slime creature, 2 slime creatures, a kobold demonologist,
2 kobold brigands, a crimson imp (summoned), a shadow imp (summoned) and 3
kobolds.

Vanquished Creatures
  Snorg (D:9)
  A cyclops (D:8)
  Maurice (D:8)
  A troll (D:8)
  A hornet (D:9)
  Sigmund (D:3)
  2 wraiths
  15 yaks
  An acid dragon (D:9)
  2 water moccasins
  Duvessa (D:6)
  A black bear (D:4)
  3 orc warriors
  A sky beast (D:8)
  2 centaurs
  An ogre (D:6)
  2 kobold brigands (D:6)
  2 bullfrogs
  A gnoll sergeant (D:9)
  A scorpion (D:6)
  Dowan (D:6)
  11 wights
  13 killer bees
  A howler monkey (D:4)
  2 hounds (D:5)
  2 jellies
  7 orc priests
  4 iguanas
  Ijyb (D:5)
  9 orc wizards
  7 gnolls
  8 adders
  A shadow imp (D:5)
  2 white imps
  2 ufetubi (D:4)
  3 worms
  2 dart slugs (D:2)
  31 orcs
  4 endoplasms
  4 giant cockroaches
  9 goblins
  5 hobgoblins
  9 jackals
  4 quokkas
  7 ball pythons
  18 bats
  4 frilled lizards
  19 kobolds
  9 rats
240 creatures vanquished.

Vanquished Creatures (others)
  3 fungi (D:6)
  6 plants
9 creatures vanquished.

Grand Total: 249 creatures vanquished

Notes
Turn   | Place    | Note
-------+----------+-------------------------------------------
     0 | D:1      | DeathPants the Demonspawn Gladiator began the quest for the
                  | Orb.
     0 | D:1      | Reached XP level 1. HP: 16/16 MP: 1/1
   126 | D:1      | Reached skill level 3 in Axes
   138 | D:1      | Gained mutation: You may rarely emit foul miasma when
                  | damaged in melee. [demonic ancestry]
   138 | D:1      | Reached XP level 2. HP: 20/22 MP: 2/2
   630 | D:2      | Gained mutation: Your touch may inflict minor irresistible
                  | damage on your foes. [demonic ancestry]
   630 | D:2      | Reached XP level 3. HP: 28/28 MP: 3/3
  1560 | D:2      | Reached skill level 4 in Axes
  1746 | D:2      | Found a faded altar of an unknown god.
  1823 | D:2      | Reached XP level 4. HP: 34/34 MP: 4/4
  2291 | D:3      | Reached XP level 5. HP: 18/41 MP: 5/5
  2371 | D:3      | Noticed Sigmund
  2385 | D:3      | Killed Sigmund
  2386 | D:3      | Reached skill level 5 in Axes
  2386 | D:3      | Reached XP level 6. HP: 34/48 MP: 6/6
  2790 | D:5      | Entered Level 5 of the Dungeon
  2790 | D:5      | Noticed Ijyb
  2815 | D:5      | Killed Ijyb
  2925 | D:5      | Reached skill level 6 in Axes
  2929 | D:5      | Reached XP level 7. HP: 31/55 MP: 7/7
  2985 | D:4      | Found a staircase to the Ecumenical Temple.
  3010 | Temple   | Entered the Ecumenical Temple
  3034 | Temple   | Became a worshipper of Gozag Ym Sagoz the Greedy
  3180 | D:5      | Reached skill level 5 in Fighting
  3184 | D:5      | Reached skill level 1 in Spellcasting
  3396 | D:4      | Learned a level 3 spell: Tukima's Dance
  3679 | D:5      | Reached skill level 7 in Axes
  3679 | D:5      | Reached skill level 1 in Hexes
  3682 | D:5      | HP: 2/50 [wight/+0 hand axe (2)]
  3736 | D:5      | Reached XP level 8. HP: 59/61 MP: 10/10
  3957 | D:6      | Noticed Dowan
  3959 | D:6      | Noticed Duvessa
  4067 | D:6      | Killed Duvessa
  4070 | D:6      | Killed Dowan
  4290 | D:5      | Gained mutation: Your touch may inflict irresistible damage
                  | on your foes. [demonic ancestry]
  4290 | D:5      | Reached XP level 9. HP: 71/71 MP: 14/14
  4531 | D:6      | Reached skill level 8 in Axes
  5083 | D:6      | Found a blossoming altar of Fedhas.
  5770 | D:7      | Reached skill level 5 in Hexes
  6075 | D:7      | HP: 3/72 [killer bee (8)]
  6079 | D:7      | Reached skill level 5 in Spellcasting
  6300 | D:7      | You fall into a shaft and drop 2 floors!
  6494 | D:8      | Gained mutation: You sometimes gain a little power by
                  | taking damage. [demonic ancestry]
  6494 | D:8      | Reached XP level 10. HP: 73/80 MP: 17/17
  6811 | D:8      | Reached skill level 9 in Axes
  6893 | D:8      | Noticed a cyclops
  6895 | D:8      | Noticed Maurice
  6903 | D:8      | Killed a cyclops
  7015 | D:8      | Killed Maurice
  7174 | D:8      | Found a broken altar of Ashenzari.
  7174 | D:8      | Found a shimmering blue altar of Sif Muna.
  7275 | D:8      | Learned a level 5 spell: Summon Mana Viper
  7372 | D:8      | Reached skill level 1 in Summonings
  7378 | D:8      | HP: 1/82 [yak (9)]
  7769 | D:10     | Entered Level 10 of the Dungeon
  7890 | D:10     | Noticed Snorg
  7905 | D:9      | Killed Snorg
  7906 | D:9      | Reached skill level 10 in Axes
  7945 | D:10     | Gained mutation: You sometimes emit foul miasma when
                  | damaged in melee. [demonic ancestry]
  7945 | D:10     | Reached XP level 11. HP: 47/89 MP: 18/18
  8011 | D:9      | Slain by a large slime creature

Illustrated notes

Levels and vault maps discovered:
D:1:      dpeg_arrival_arbitrary_a, layout_basic, serial_forest,
          infiniplex_forest_lined_room_2, infiniplex_forest_lined_2,
          infiniplex_forest_end_double, infiniplex_forest_straight_5,
          infiniplex_forest_clump_medium, infiniplex_forest_lined_room_2
D:2:      layout_loops_ring, hellmonk_ecumenical_altar_zigzags
D:3:      layout_loops_ring, uniq_sigmund
D:4:      layout_gridville, minmay_temple_entry_slanted
D:5:      layout_rooms, roderic_batcave, uniq_ijyb
D:6:      layout_loops_ring, fedhas_altar_3, chequers_decorated_corner,
          uniq_duvessa
D:7:      layout_rooms
D:8:      layout_cave_pools, gammafunk_temple_overflow_wave,
          mainiacjoe_overflow_paths, minivault_26, uniq_maurice
D:9:      layout_roguey, david_lair_shrubbed, serial_shops, shop, minivault_16
D:10:     layout_loops_cross, lemuel_coloured_pillars_altar, uniq_snorg,
          uniq_maggie
Temple:   bh_familiar_temple

Skill      XL: |  1  2  3  4  5  6  7  8  9 10 11 |
---------------+----------------------------------+-----
Axes           | 3 4 5 6 7 8 10 | 10.1
Fighting       | 3 4 5 6 7 9 |  9.6
Spellcasting   | 1 3 5 |  5.0
Hexes          | 1 3 5 6 |  6.6
Summonings     | 3 4 |  4.0
Throwing       | |  1.7
Dodging        | |  2.6

Action                     |  1- 3 |  4- 6 |  7- 9 | 10-12 || total
---------------------------+-------+-------+-------+-------++-------
  Melee: War axe           |   113 |    87 |   359 |   146 ||   705
         Touch             |    11 |    13 |    66 |    31 ||   121
         Punch             |       |     1 |     2 |       ||     3
  Throw: Throwing net      |       |     1 |     4 |     1 ||     6
         Dart              |       |       |       |     2 ||     2
         Javelin           |       |       |       |     1 ||     1
    Use: Scroll            |       |    13 |     9 |     2 ||    24
         Potion            |       |       |     4 |     4 ||     8
   Stab: Invisible         |       |       |     9 |       ||     9
         Distracted        |       |       |       |     1 ||     1
 Armour: Leather armour    |    22 |       |       |       ||    22
         Ring mail         |    23 |    47 |   132 |       ||   202
         Robe              |       |       |    75 |    74 ||   149
  Dodge: Dodged            |    99 |    74 |   363 |   117 ||   653

Table legend: (Time is in decaauts)
 A = Elapsed time spent in this place.
 B = Non-inter-level travel time spent in this place.
 C = Inter-level travel time spent in this place.
 D = Time resting spent in this place.
 E = Time spent auto-exploring this place.
 F = Levels seen in this place.
 G = Mean time per level.
                   A        B        C        D        E       F      G
               +--------+--------+--------+--------+--------+-----+--------+
         Total |   8171 |   7936 |    235 |    864 |   4414 |  11 |  742.8 |
       Dungeon |   8134 |   7911 |    223 |    864 |   4395 |  10 |  813.4 |
        Temple |     37 |     25 |     12 |      0 |     19 |   1 |   37.0 |
               +--------+--------+--------+--------+--------+-----+--------+

Top non-repeatable levels by time:
     D:6: 1268 daAuts
     D:7: 1107 daAuts
     D:1: 1092 daAuts
     D:8: 933 daAuts
     D:3: 873 daAuts
     D:2: 862 daAuts
     D:5: 751 daAuts
     D:4: 701 daAuts
     D:9: 510 daAuts
  Temple: 37 daAuts
    D:10: 31 daAuts
